 Dungeon Crawl Stone Soup version 0.29.1-12-g30fa7ad0bf (webtiles) character file.

Game seed: 6834953067326031953

34 Radix the Caller (level 3, -2/24 HPs)
             Began as a Human Wanderer on Jan 11, 2023.
             Killed from afar by Natasha (3 damage)
             ... with a magic dart
             ... on level 2 of the Dungeon.
             The game lasted 00:07:24 (1185 turns).

Radix the Caller (Human Wanderer)                   Turns: 1185, Time: 00:07:25

Health: -2/24      AC:  2    Str:  8    XL:     3   Next: 50%
Magic:  4/6        EV: 11    Int: 22    God:
Gold:   75         SH:  5    Dex: 14    Spells: 4/6 levels left

rFire   . . .      SeeInvis .   i - +0 falchion
rCold   . . .      Faith    .   d - +0 buckler
rNeg    . . .      Spirit   .   c - +0 robe
rPois   .          Reflect  .   (no helmet)
rElec   .          Harm     .   (no cloak)
rCorr   .          Rampage  .   (no gloves)
Will    .....                   (no boots)
Stlth   +.........              (no amulet)
HPRegen 0.08/turn               h - +6 ring of intelligence
MPRegen 0.10/turn               (no ring)

@: hasted, very quick
A: no striking features
a: no special abilities


You were on level 2 of the Dungeon.
You visited 1 branch of the dungeon, and saw 2 of its levels.

You collected 75 gold pieces.

Inventory:

Hand Weapons
 a - a +0 dagger
 g - a +0 spear
 i - a +0 falchion (weapon)
Armour
 c - a +0 robe (worn)
 d - a +0 buckler (worn)
Jewellery
 h - a +6 ring of intelligence (left hand)
Scrolls
 b - 2 scrolls of fear
 e - a scroll of teleportation {unknown}
Potions
 f - a potion of berserk rage
 j - 2 potions of mutation


   Skills:
 - Level 1.0 Throwing
 - Level 1.0 Dodging
 - Level 3.0 Shields
 + Level 2.1 Spellcasting
 - Level 3.0 Summonings
 + Level 2.2 Earth Magic


You had 4 spell levels left.
You knew the following spells:

 Your Spells              Type           Power      Damage    Failure   Level
a - Sandblast             Erth           24%        2d8       7%          1
b - Summon Small Mammal   Summ           60%        N/A       5%          1

Your spell library contained the following spells:

 Spells                   Type           Power      Damage    Failure   Level
 Call Imp                 Summ           15%        N/A       8%          2
 Stone Arrow              Conj/Erth      14%        3d7       32%         3
 Animate Armour           Summ/Erth      26%        N/A       52%         4


Dungeon Overview and Level Annotations

Branches:
Dungeon (2/15)

Altars:

Shops:
D:1 :

Annotations:
D:2 Natasha


Message History

Your bat dies!
Your bat's corpse disappears in a puff of smoke!
Casting: Summon Small Mammal (safe; 5% risk of failure)
Confirm with . or Enter, or press ? or * to list all spells.
Natasha mumbles some strange words.
Your bat hits the white imp but does no damage.
The white imp misses your bat.
Your bat hits the white imp but does no damage. x2
The white imp hits your bat.
Your bat dies!
Your bat's corpse disappears in a puff of smoke!
You hit the white imp.
The white imp is heavily wounded.
The white imp gestures at you. The puff of frost hits you!
You barely miss the white imp.
The white imp is heavily wounded.
The white imp spits at you. The white imp closely misses you.
You hit the white imp.
The white imp is severely wounded.
The white imp lashes its tail.
The white imp closely misses you. The white imp gestures at you.
The puff of frost hits you!
* * * LOW HITPOINT WARNING * * *
Casting: Summon Small Mammal (safe; 5% risk of failure)
Confirm with . or Enter, or press ? or * to list all spells.
The white imp hits you.
* * * LOW HITPOINT WARNING * * *
The white imp freezes you.
* * * LOW HITPOINT WARNING * * *
The white imp gestures at you. The puff of frost hits your quokka!
Your quokka dies!
Your quokka's corpse disappears in a puff of smoke!
You feel yourself speed up. Natasha casts a spell at you.
The magic dart hits you.
You die...

#####.#### ...# .
#........##.#..
#..<............
#..........####.
#.........#.....
....^.........#
#..........############.
..#........####..h......
###..........@.5########
#####.#.####### #....#
...#### ####


You could see Natasha and a white imp (summoned).

Vanquished Creatures
  An adder (D:2)
  4 ball pythons (D:1)
  3 endoplasms
  3 giant cockroaches (D:1)
  2 goblins (D:1)
  A hobgoblin (D:1)
  2 quokkas
  2 bats (D:1)
  A frilled lizard (D:1)
  4 rats
23 creatures vanquished.

Vanquished Creatures (collateral kills)
  A ball python (D:2)
1 creature vanquished.

Grand Total: 24 creatures vanquished

Notes
Turn   | Place    | Note
-------+----------+-------------------------------------------
     0 | D:1      | Radix the Human Wanderer began the quest for the Orb.
     0 | D:1      | Radix set off with the following items: a +0 dagger, a
                  | scroll of fear, a +0 robe, a +0 buckler; and the following
                  | spells available to memorise: Summon Small Mammal, Call
                  | Imp, Sandblast, Stone Arrow, Animate Armour.
     0 | D:1      | Reached XP level 1. HP: 13/13 MP: 2/2
     3 | D:1      | Learned a level 1 spell: Sandblast
   188 | D:1      | Reached XP level 2. HP: 19/19 MP: 2/4
   501 | D:1      | Found Saifadd's Vocational Training.
   595 | D:1      | Found a faded altar of an unknown god.
   702 | D:2      | Reached XP level 3. HP: 17/24 MP: 0/6
   966 | D:1      | Learned a level 1 spell: Summon Small Mammal
  1170 | D:2      | Noticed Natasha
  1181 | D:2      | HP: 1/24 [white imp[Natasha] (4)]
  1185 | D:2      | Killed from afar by Natasha

Illustrated notes

Levels and vault maps discovered:
D:1:      heliophobic_arrival_battle_scene, layout_rooms,
          basic_ecumenical_altar, minmay_misc_feat_rows, nicolae_shop_vocational
D:2:      layout_rooms, uniq_natasha

Skill      XL: |  1  2 |
---------------+-------+-----
Spellcasting   | 2 |  2.1
Earth Magic    | 2 |  2.2
Throwing       | |  1.0
Dodging        | |  1.0
Shields        | |  3.0
Summonings     | |  3.0

Action                   || total
-------------------------++-------
Melee: Dagger            ||    35
       Falchion          ||     3
 Cast: Sandblast         ||    25
       Summon Small Mamm ||     7
  Use: Scroll            ||     5
       Potion            ||     1
Armor: Robe              ||     6
Dodge: Dodged            ||    27
Block: Buckler           ||    17
